[ AOE2 MATCH · #507635120 ]
UnrankedItalians vs Turks
Player's team · WIN
Rival team · LOSS
[ REPLAY ANALYSIS · EXTRACTED FROM THE RECORDED GAME ]
Feudal
8:26
Castle
—
Imperial
—
| APM avg | 57.1 |
| APM peak | 78 |
| eAPM avg | 30.7 |
| Villagers / military | 66 / 68 |
Focus
⚔️ 44.3% · 🌾 55.7%
Archer ×28 · Spearman ×20 · Scout Cavalry ×20
Feudal
10:32
Castle
15:31
Imperial
—
| APM avg | 61.2 |
| APM peak | 99 |
| eAPM avg | 24.8 |
| Villagers / military | 62 / 25 |
Focus
⚔️ 27.4% · 🌾 72.6%
Scorpion ×12 · Knight ×8 · Monk ×4 · Battering Ram ×1
Match map
Initial resources + every placement click. Lines = walls · curves = elevation contours. ◆ gold · ⬟ stone · ● berries · ✦ relic · ◌ wall gap
Your base· Open — unwalled flank
eduv's base· ✓ Closed at 15:31 · 33t walls · 1 gate(s)
Smoothed initial terrain · ◌ = detected wall gap · hover for details
Inputs per minute
— 青衫天子 - - eduv
Build order — 青衫天子
First 150 of 222 actions detected
| 0:00 | Create | Villager (Male) |
| 0:01 | Create | Villager (Male) |
| 0:01 | Create | Villager (Male) |
| 0:02 | Build | House |
| 0:03 | Build | House |
| 0:04 | Create | Villager (Male) |
| 1:23 | Create | Villager (Male) |
| 2:00 | Create | Villager (Male) |
| 2:04 | Create | Villager (Male) |
| 2:47 | Build | Lumber Camp |
| 2:48 | Create | Villager (Male) |
| 2:48 | Create | Villager (Male) |
| 3:20 | Create | Villager (Male) |
| 3:32 | Build | House |
| 3:41 | Create | Villager (Male) |
| 3:42 | Create | Villager (Male) |
| 3:43 | Create | Villager (Male) |
| 3:43 | Create | Villager (Male) |
| 3:49 | Build | House |
| 4:11 | Create | Villager (Male) |
| 4:12 | Create | Villager (Male) |
| 4:58 | Create | Villager (Male) |
| 5:12 | Build | Mill |
| 5:29 | Research | Loom |
| 5:29 | Research | Loom |
| 6:02 | Research | Feudal Age |
| 6:03 | Research | Feudal Age |
| 6:39 | Build | House |
| 7:25 | Build | Barracks |
| 7:32 | Create | Villager (Male) |
| 7:33 | Create | Villager (Male) |
| 8:26 | Age | Feudal Age |
| 8:28 | Build | Stable |
| 8:34 | Research | Double-Bit Axe |
| 8:34 | Research | Double-Bit Axe |
| 8:56 | Build | Farm |
| 8:59 | Build | House |
| 9:02 | Build | Palisade Wall |
| 9:03 | Build | Palisade Wall |
| 9:04 | Build | Palisade Wall |
| 9:07 | Create | Villager (Male) |
| 9:15 | Create | Villager (Male) |
| 9:26 | Create | Villager (Male) |
| 9:42 | Create | Scout Cavalry |
| 9:42 | Create | Scout Cavalry |
| 9:44 | Build | Farm |
| 9:46 | Build | Farm |
| 9:58 | Create | Spearman |
| 10:15 | Create | Villager (Male) |
| 10:19 | Build | Mining Camp |
| 10:25 | Create | Villager (Male) |
| 10:41 | Create | Villager (Male) |
| 10:53 | Build | Watch Tower |
| 11:05 | Build | Farm |
| 11:17 | Create | Villager (Male) |
| 11:25 | Build | Watch Tower |
| 11:27 | Create | Scout Cavalry |
| 11:28 | Create | Scout Cavalry |
| 11:31 | Build | House |
| 11:41 | Build | House |
| 11:55 | Create | Villager (Male) |
| 12:11 | Build | Archery Range |
| 12:13 | Create | Villager (Male) |
| 12:34 | Create | Villager (Male) |
| 12:34 | Create | Villager (Male) |
| 12:36 | Build | Mining Camp |
| 12:53 | Build | Watch Tower |
| 12:57 | Create | Villager (Male) |
| 12:59 | Build | Palisade Wall |
| 13:13 | Build | Palisade Wall |
| 13:13 | Build | Palisade Wall |
| 13:14 | Build | Palisade Wall |
| 13:14 | Build | Palisade Wall |
| 13:15 | Build | Palisade Wall |
| 13:15 | Build | Palisade Wall |
| 13:24 | Create | Archer |
| 13:25 | Create | Archer |
| 13:27 | Build | Farm |
| 13:27 | Create | Villager (Male) |
| 13:44 | Create | Villager (Male) |
| 13:44 | Create | Villager (Male) |
| 13:57 | Build | Farm |
| 14:08 | Create | Villager (Male) |
| 14:23 | Build | House |
| 14:28 | Build | Watch Tower |
| 14:31 | Create | Villager (Male) |
| 14:31 | Create | Villager (Male) |
| 14:36 | Build | Palisade Wall |
| 14:36 | Build | Palisade Wall |
| 14:36 | Build | Palisade Wall |
| 14:37 | Build | Palisade Wall |
| 14:37 | Build | Palisade Wall |
| 14:37 | Build | Palisade Wall |
| 14:37 | Build | Palisade Wall |
| 14:38 | Build | Palisade Wall |
| 14:38 | Build | Palisade Wall |
| 14:38 | Build | Palisade Wall |
| 14:43 | Build | Farm |
| 14:48 | Build | Farm |
| 14:49 | Create | Archer |
| 14:49 | Create | Archer |
| 14:56 | Create | Villager (Male) |
| 15:20 | Create | Villager (Male) |
| 15:20 | Create | Villager (Male) |
| 15:30 | Build | Outpost |
| 15:32 | Research | Town Watch |
| 15:44 | Build | Farm |
| 15:46 | Build | Farm |
| 15:48 | Create | Villager (Male) |
| 15:59 | Create | Villager (Male) |
| 16:03 | Create | Archer |
| 16:10 | Create | Spearman |
| 16:18 | Create | Spearman |
| 16:29 | Build | House |
| 16:31 | Build | Farm |
| 16:42 | Build | Watch Tower |
| 16:48 | Create | Spearman |
| 16:48 | Create | Spearman |
| 16:50 | Create | Archer |
| 16:50 | Create | Archer |
| 16:50 | Create | Archer |
| 16:51 | Create | Villager (Male) |
| 16:51 | Create | Villager (Male) |
| 16:56 | Build | House |
| 17:13 | Create | Villager (Male) |
| 17:14 | Create | Villager (Male) |
| 17:15 | Create | Villager (Male) |
| 17:16 | Create | Spearman |
| 17:36 | Create | Archer |
| 17:40 | Create | Villager (Male) |
| 17:48 | Create | Spearman |
| 17:49 | Create | Villager (Male) |
| 17:55 | Build | House |
| 17:59 | Build | Stone Wall |
| 18:00 | Build | Palisade Wall |
| 18:02 | Build | Palisade Wall |
| 18:09 | Create | Spearman |
| 18:11 | Create | Villager (Male) |
| 18:16 | Create | Villager (Male) |
| 18:21 | Create | Spearman |
| 18:23 | Create | Archer |
| 18:38 | Create | Spearman |
| 18:48 | Create | Villager (Male) |
| 18:56 | Build | Outpost |
| 19:02 | Create | Archer |
| 19:11 | Build | Watch Tower |
| 19:26 | Create | Spearman |
| 19:26 | Create | Spearman |
| 19:26 | Create | Villager (Male) |
| 19:35 | Create | Scout Cavalry |
Build order — eduv
136 actions detected in the replay
| 0:02 | Create | Villager (Male) |
| 0:02 | Create | Villager (Male) |
| 0:03 | Build | House |
| 0:05 | Build | House |
| 0:13 | Create | Villager (Male) |
| 0:13 | Create | Villager (Male) |
| 0:14 | Create | Villager (Male) |
| 1:31 | Create | Villager (Male) |
| 1:32 | Create | Villager (Male) |
| 1:32 | Create | Villager (Male) |
| 1:59 | Create | Villager (Male) |
| 1:59 | Create | Villager (Male) |
| 2:00 | Create | Villager (Male) |
| 2:03 | Build | Lumber Camp |
| 2:20 | Create | Villager (Male) |
| 2:21 | Create | Villager (Male) |
| 2:46 | Create | Villager (Male) |
| 3:01 | Build | House |
| 3:03 | Create | Villager (Male) |
| 3:04 | Create | Villager (Male) |
| 3:04 | Create | Villager (Male) |
| 3:34 | Create | Villager (Male) |
| 3:35 | Create | Villager (Male) |
| 3:35 | Create | Villager (Male) |
| 3:40 | Build | Palisade Wall |
| 4:02 | Create | Villager (Male) |
| 4:02 | Create | Villager (Male) |
| 4:02 | Create | Villager (Male) |
| 4:15 | Build | Mill |
| 4:31 | Create | Villager (Male) |
| 4:32 | Create | Villager (Male) |
| 4:32 | Create | Villager (Male) |
| 4:37 | Build | House |
| 4:40 | Build | Palisade Wall |
| 4:45 | Build | Palisade Wall |
| 5:24 | Create | Villager (Male) |
| 5:24 | Create | Villager (Male) |
| 5:24 | Create | Villager (Male) |
| 5:36 | Create | Villager (Male) |
| 5:36 | Create | Villager (Male) |
| 5:36 | Create | Villager (Male) |
| 5:52 | Build | Palisade Wall |
| 6:04 | Create | Villager (Male) |
| 6:04 | Create | Villager (Male) |
| 6:05 | Create | Villager (Male) |
| 6:14 | Create | Villager (Male) |
| 6:14 | Create | Villager (Male) |
| 6:14 | Create | Villager (Male) |
| 6:17 | Create | Villager (Male) |
| 6:18 | Create | Villager (Male) |
| 6:31 | Build | Palisade Wall |
| 7:08 | Create | Villager (Male) |
| 7:08 | Create | Villager (Male) |
| 7:09 | Create | Villager (Male) |
| 7:29 | Create | Villager (Male) |
| 7:29 | Create | Villager (Male) |
| 7:30 | Create | Villager (Male) |
| 7:47 | Create | Villager (Male) |
| 7:47 | Create | Villager (Male) |
| 7:47 | Create | Villager (Male) |
| 7:48 | Create | Villager (Male) |
| 7:48 | Create | Villager (Male) |
| 7:48 | Create | Villager (Male) |
| 7:48 | Create | Villager (Male) |
| 8:04 | Research | Feudal Age |
| 8:04 | Research | Feudal Age |
| 8:27 | Build | Palisade Wall |
| 8:36 | Build | Palisade Wall |
| 9:03 | Create | Villager (Male) |
| 9:26 | Research | Loom |
| 9:41 | Create | Villager (Male) |
| 10:12 | Build | Palisade Wall |
| 10:15 | Create | Villager (Male) |
| 10:24 | Create | Villager (Male) |
| 10:32 | Age | Feudal Age |
| 11:05 | Build | Market |
| 11:15 | Build | House |
| 11:18 | Create | Villager (Male) |
| 11:50 | Build | Blacksmith |
| 11:57 | Build | Mining Camp |
| 12:04 | Build | House |
| 12:13 | Build | Lumber Camp |
| 12:25 | Build | House |
| 12:51 | Research | Castle Age |
| 12:51 | Research | Castle Age |
| 13:49 | Build | Mining Camp |
| 13:59 | Build | House |
| 14:03 | Build | House |
| 14:22 | Build | Palisade Gate |
| 14:25 | Build | Palisade Wall |
| 14:25 | Build | Palisade Wall |
| 14:45 | Build | Barracks |
| 15:31 | Age | Castle Age |
| 15:40 | Build | Stable |
| 15:54 | Create | Villager (Male) |
| 16:08 | Research | Scale Barding Armor |
| 16:08 | Research | Scale Barding Armor |
| 16:26 | Create | Knight |
| 16:27 | Create | Knight |
| 16:27 | Create | Knight |
| 16:43 | Build | Lumber Camp |
| 16:57 | Build | Monastery |
| 17:30 | Create | Knight |
| 17:31 | Create | Monk |
| 17:32 | Create | Monk |
| 17:53 | Create | Villager (Male) |
| 18:36 | Build | Siege Workshop |
| 18:50 | Create | Knight |
| 18:53 | Build | Farm |
| 18:54 | Build | Farm |
| 18:59 | Build | House |
| 19:01 | Build | Palisade Wall |
| 19:07 | Build | House |
| 19:32 | Create | Monk |
| 19:37 | Create | Monk |
| 19:56 | Create | Scorpion |
| 19:56 | Create | Scorpion |
| 19:56 | Create | Scorpion |
| 20:35 | Create | Scorpion |
| 20:35 | Create | Scorpion |
| 20:35 | Create | Scorpion |
| 20:42 | Create | Scorpion |
| 20:43 | Create | Scorpion |
| 22:02 | Build | Farm |
| 22:09 | Build | Lumber Camp |
| 22:31 | Create | Battering Ram |
| 22:43 | Build | Market |
| 22:47 | Create | Villager (Male) |
| 23:03 | Create | Scorpion |
| 23:43 | Create | Knight |
| 24:45 | Create | Villager (Male) |
| 24:53 | Create | Knight |
| 24:53 | Create | Knight |
| 25:07 | Create | Scorpion |
| 25:07 | Create | Scorpion |
| 25:08 | Create | Scorpion |
Match timeline
| 3:40 | eduv · wall_segment Palisade Wall x5 |
| 4:40 | eduv · wall_segment Palisade Wall x3 |
| 4:45 | eduv · wall_segment Palisade Wall x1 |
| 5:52 | eduv · wall_segment Palisade Wall x4 |
| 6:31 | eduv · wall_segment Palisade Wall x1 |
| 7:25 | 青衫天子 · first_building Barracks |
| 8:26 | 青衫天子 · age_up feudal |
| 8:27 | eduv · wall_segment Palisade Wall x2 |
| 8:28 | 青衫天子 · first_building Stable |
| 8:36 | eduv · wall_segment Palisade Wall x10 |
| 9:02 | 青衫天子 · wall_segment Palisade Wall x3 |
| 9:03 | 青衫天子 · wall_segment Palisade Wall x1 |
| 9:04 | 青衫天子 · wall_segment Palisade Wall x3 |
| 10:12 | eduv · wall_segment Palisade Wall x5 |
| 10:32 | eduv · age_up feudal |
| 12:11 | 青衫天子 · first_building Archery Range |
| 12:17 | eduv · first_market_sell 100 stone |
| 12:59 | 青衫天子 · wall_segment Palisade Wall x1 |
| 13:13 | 青衫天子 · wall_segment Palisade Wall x1 |
| 13:13 | 青衫天子 · wall_segment Palisade Wall x1 |
| 13:14 | 青衫天子 · wall_segment Palisade Wall x1 |
| 13:14 | 青衫天子 · wall_segment Palisade Wall x1 |
| 13:15 | 青衫天子 · wall_segment Palisade Wall x1 |
| 13:15 | 青衫天子 · wall_segment Palisade Wall x1 |
| 14:25 | eduv · wall_segment Palisade Wall x1 |
| 14:25 | eduv · wall_segment Palisade Wall x1 |
| 14:36 | 青衫天子 · wall_segment Palisade Wall x1 |
| 14:36 | 青衫天子 · wall_segment Palisade Wall x1 |
| 14:36 | 青衫天子 · wall_segment Palisade Wall x1 |
| 14:37 | 青衫天子 · wall_segment Palisade Wall x1 |
| 14:37 | 青衫天子 · wall_segment Palisade Wall x1 |
| 14:37 | 青衫天子 · wall_segment Palisade Wall x1 |
| 14:37 | 青衫天子 · wall_segment Palisade Wall x2 |
| 14:38 | 青衫天子 · wall_segment Palisade Wall x2 |
| 14:38 | 青衫天子 · wall_segment Palisade Wall x1 |
| 14:38 | 青衫天子 · wall_segment Palisade Wall x1 |
| 14:45 | eduv · first_building Barracks |
| 14:51 | eduv · first_market_buy 100 wood |
| 15:31 | eduv · age_up castle |
| 15:40 | eduv · first_building Stable |
| 16:57 | eduv · first_building Monastery |
| 17:59 | 青衫天子 · wall_segment Stone Wall x1 |
| 18:00 | 青衫天子 · wall_segment Palisade Wall x1 |
| 18:02 | 青衫天子 · wall_segment Palisade Wall x1 |
| 18:36 | eduv · first_building Siege Workshop |
| 19:01 | eduv · wall_segment Palisade Wall x1 |
| 20:16 | 青衫天子 · wall_segment Stone Wall x1 |
| 20:18 | 青衫天子 · wall_segment Stone Wall x1 |
| 20:20 | 青衫天子 · wall_segment Stone Wall x1 |
| 20:29 | 青衫天子 · wall_segment Stone Wall x1 |
| 26:02 | eduv · resign |
[ AI ANALYSIS · 1 CREDIT ]
What really happened in this match?
Wolo.gg analyzes every decision: build order, eco, micro, common mistakes by bracket. Personalized analysis on WhatsApp or Discord in 30 seconds.
Civ guide
Italians
Perfil
Jugador #25033608